 Zot Defence DCSS version 0.15.2 (webtiles) character file.

25443 ololoev the Brawler (level 11, -9/77 (94) HPs)
             Began as a Troll Monk on Mar 12, 2015.
             Was an Elder of Makhleb.
             Killed by an exploding giant spore (19 damage)
             ... summoned by the player character
             ... set off by their pet
             ... in the Realm of Zot (Scenario III: Two or Three?).
             The game lasted 00:09:09 (1617 turns).

ololoev the Brawler (Troll Monk)                    Turns: 1617, Time: 00:09:09

HP  -9/77 (94)   AC  5     Str 22      XL: 11   Next: 62%
MP   4/4         EV 10     Int  6      God: Makhleb [****..]
Gold 0           SH  0     Dex 14      Spells:  0 memorised, 10 levels left

rFire  . . .     SeeInvis .       - Unarmed
rCold  . . .     Clarity  .     a - +0 robe
rNeg   . . .     rCorr    .     (shield restricted)
rPois  .         rRot     .     (helmet restricted)
rElec  .         Spirit   .     (no cloak)
SustAb .         Warding  .     (gloves unavailable)
rMut   .         Stasis   .     (boots unavailable)
Gourm  +                        (no amulet)
MR     .....                    (no ring)
                                (no ring)

@: confused, not resistant to hostile enchantments, very unstealthy
A: unfitting armour, claws 3, fast metabolism 3, gourmand, regeneration 2,
saprovore 2, shaggy fur 1, tough skin 2
a: Make oklob sapling, Make arrow trap, Make plant, Remove Curse, Make burning
bush, Make altar, Make grenades, Make oklob plant, Make net trap, Make ice
statue, Make spear trap, Make alarm trap, Minor Destruction, Lesser Servant of
Makhleb, Major Destruction, Renounce Religion
}: 1/15 runes: elven


You were in the Realm of Zot.
You worshipped Makhleb.
Makhleb was greatly pleased with you.
You were not hungry.

You visited 1 branch

Inventory:

Armour
 a - a +0 robe (worn)
Comestibles
 c - 2 meat rations
Scrolls
 h - a scroll of blinking
Potions
 b - 3 potions of curing
 d - a potion of heal wounds
 e - a potion of haste
 f - 2 potions of magic
 g - a potion of berserk rage


   Skills:
 - Level 2.4 Fighting
 - Level 2.4 Dodging
 - Level 1.1 Stealth
 + Level 17.7 Unarmed Combat


You had 10 spell levels left.
You didn't know any spells.

Dungeon Overview and Level Annotations

Branches:
    Zot (1/1)

Altars:
Makhleb


Innate Abilities, Weirdness & Mutations

You are too large for most types of armour.
You have claws for hands.
Your metabolism is lightning-fast.
You like to eat raw meat.
You heal very quickly.
You can eat rotten meat.
You are covered in fur (AC +1).
You have very tough skin (AC +2).


Message History

The searing blast hits you!
* * * LOW HITPOINT WARNING * * *
The searing blast hits your giant spore.
Your giant spore explodes!
The swamp drake appears confused.
The explosion of spores engulfs the swamp drake.
The explosion of spores engulfs your giant spore.
Your giant spore explodes!
The death drake appears confused.
The explosion of spores engulfs the death drake.
The butterfly appears confused.
The explosion of spores engulfs the butterfly.
The butterfly dies!
The swamp drake appears confused.
The explosion of spores engulfs the swamp drake.
The swamp drake dies!
The swamp drake's corpse disappears in a puff of smoke!
The explosion of spores engulfs you!
You are confused.
You die...

▓▓▓▓▓▓▓▓▓...............▓▓
▓▓...5)........▓▓
▓▓..)........▓▓
▓▓.........▓▓ ▓▓.......▓▓
▓▓.k...▓▓ ▓§....▓ ▓▓...▓▓
▓#@#▓ ▓▓dqJ▓▓ ▓▓▓qkk..▓▓▓
▓▓g.....8..▓▓
▓▓▓dg..▓▓▓...b▓▓▓
▓▓▓.J..▓▓▓ ▓▓▓....▓▓▓
▓▓▓g)g.▓▓▓ ▓▓▓....▓▓▓▓
▓▓▓▓)...▓▓▓ ▓▓▓.....▓▓▓
▓▓)....▓▓▓ ▓▓▓.....▓


You could see a grey draconian, a pale draconian, a purple draconian shifter, a
red draconian caller, 2 death drakes, 2 slime creatures, a wind drake, 2
boggarts, a shadow imp and a friendly ice statue.

Vanquished Creatures
  2 centaur warriors (Zot)
  An ugly thing (Zot)
  Pikel (Zot)
  2 slime creatures (Zot)
  A centaur zombie (Zot)
  A moth of wrath (Zot)
  A queen ant (Zot)
  A wraith (Zot)
  A wolf (Zot)
  An orc warrior (Zot)
  A phantom (Zot)
  2 black bears (Zot)
  An ogre (Zot)
  5 giant frogs (Zot)
  A boggart (Zot)
  3 big kobolds (Zot)
  A scorpion (Zot)
  A troll zombie (Zot)
  3 goliath beetles (Zot)
  2 crimson imps (Zot)
  5 hounds (Zot)
  An orc wizard (Zot)
  A black bear zombie (Zot)
  A giant frog zombie (Zot)
  2 gnoll shamans (Zot)
  4 iguanas (Zot)
  2 sheep (Zot)
  A big kobold zombie (Zot)
  Jessica (Zot)
  3 gnolls (Zot)
  4 adders (Zot)
  A shadow imp (Zot)
  7 giant mites (Zot)
  A goliath beetle zombie (Zot)
  A worm (Zot)
  2 giant geckos (Zot)
  5 oozes (Zot)
  10 orcs (Zot)
  5 ball pythons (Zot)
  13 goblins (Zot)
  8 hobgoblins (Zot)
  3 jackals (Zot)
  5 quokkas (Zot)
  11 bats (Zot)
  5 giant cockroaches (Zot)
  3 giant newts (Zot)
  A hobgoblin skeleton (Zot)
  2 jackal zombies (Zot)
  10 kobolds (Zot)
  4 orc zombies (Zot)
  A quokka zombie (Zot)
  5 rats (Zot)
  A butterfly (Zot)
161 creatures vanquished.

Vanquished Creatures (collateral kills)
  A swamp drake (Zot)
  A goliath beetle (Zot)
  A hobgoblin (Zot)
  A butterfly (Zot)
4 creatures vanquished.

Grand Total: 165 creatures vanquished

Notes
Turn   | Place    | Note
--------------------------------------------------------------
     0 | Zot      | ololoev, the Troll Monk, began the quest for the Orb.
     0 | Zot      | Reached XP level 1. HP: 22/22 MP: 1/1
   258 | Zot      | Reached XP level 2. HP: 29/29 MP: 1/1
   289 | Zot      | Reached skill level 5 in Unarmed Combat
   290 | Zot      | Reached XP level 3. HP: 29/36 MP: 2/2
   462 | Zot      | Reached XP level 4. HP: 29/29 MP: 2/2
   473 | Zot      | Reached skill level 6 in Unarmed Combat
   475 | Zot      | Reached XP level 5. HP: 30/35 MP: 2/2
   557 | Zot      | Noticed Jessica
   562 | Zot      | Reached skill level 7 in Unarmed Combat
   584 | Zot      | Killed Jessica
   584 | Zot      | Reached XP level 6. HP: 44/44 MP: 3/3
   665 | Zot      | Noticed Jajeix Skuc
   685 | Zot      | Killed Jajeix Skuc the wraith
   685 | Zot      | Reached skill level 9 in Unarmed Combat
   685 | Zot      | Reached XP level 7. HP: 49/49 MP: 3/3
   695 | Zot      | Became a worshipper of Makhleb the Destroyer
   695 | Zot      | Acquired Makhleb's first power
   695 | Zot      | Acquired Makhleb's second power
   754 | Zot      | Reached skill level 10 in Unarmed Combat
   758 | Zot      | Reached XP level 8. HP: 57/57 MP: 3/3
   817 | Zot      | Noticed a queen ant
   843 | Zot      | Killed a queen ant
   843 | Zot      | Reached skill level 11 in Unarmed Combat
   924 | Zot      | Reached skill level 12 in Unarmed Combat
   946 | Zot      | Reached XP level 9. HP: 63/63 MP: 4/4
  1121 | Zot      | Reached skill level 13 in Unarmed Combat
  1155 | Zot      | Acquired Makhleb's third power
  1200 | Zot      | Reached skill level 14 in Unarmed Combat
  1212 | Zot      | Noticed Voyv
  1264 | Zot      | Killed Voyv the centaur warrior
  1264 | Zot      | Reached skill level 15 in Unarmed Combat
  1264 | Zot      | Reached XP level 10. HP: 71/71 MP: 4/4
  1333 | Zot      | Got an elven rune of Zot
  1365 | Zot      | Noticed Ghinail
  1430 | Zot      | Noticed Pikel
  1458 | Zot      | Killed Ghinail the centaur warrior
  1458 | Zot      | Reached skill level 16 in Unarmed Combat
  1508 | Zot      | Killed Pikel
  1508 | Zot      | Reached XP level 11. HP: 77/77 MP: 4/4
  1514 | Zot      | Acquired Makhleb's fourth power
  1520 | Zot      | Noticed purple ugly thing
  1563 | Zot      | Reached skill level 17 in Unarmed Combat
  1573 | Zot      | Killed purple ugly thing
  1602 | Zot      | Noticed a pale draconian
  1610 | Zot      | Noticed a grey draconian
  1612 | Zot      | Noticed a golden dragon
  1612 | Zot      | Noticed a purple draconian shifter
  1614 | Zot      | Noticed a red draconian caller
  1616 | Zot      | Noticed a death drake
  1616 | Zot      | Noticed a death drake
  1617 | Zot      | Killed by an exploding giant spore... set off by their pet

Action                   |  1- 3 |  4- 6 |  7- 9 | 10-12 || total
-------------------------+-------+-------+-------+-------++-------
Melee: Unarmed           |    67 |    64 |   177 |   186 ||   494
 Abil: Make altar        |       |       |     1 |       ||     1
       Make oklob plant  |       |       |     1 |       ||     1
       Make burning bush |       |       |     1 |       ||     1
       Make ice statue   |       |       |       |     1 ||     1
       Make grenades     |       |       |       |     1 ||     1
